[Event "Titled Tuesday Blitz May 18 2021"]
[White "Abdusattorov, Nodirbek"]
[Black "Salinas Herrera, Pablo"]
[WhiteFideId "14204118"]
[BlackFideId "3407128"]
[WhiteElo "2662"]
[BlackElo "2541"]
[Result "1-0"]
[Round "04"]
[TimeControl "180+1"]
[Date "2021.05.18"]
[WhiteClock "0:00:18"]
[BlackClock "0:00:08"]

1. d4 d5 2. c4 e6 3. Nc3 Nf6 4. cxd5 exd5 5. Bg5 c6 6. e3 h6 7. Bh4 Bd6 8. Bd3 O-O 9. Nge2 Re8 10. Qc2 a5 11. Bg3 Na6 12. a3 Nc7 13. O-O Ne6 14. Rae1 Ng5 15. Bxd6 Qxd6 16. Ng3 Ng4 17. Bf5 g6 18. Bxg4 Bxg4 19. f4 Nh7 20. f5 Re7 21. Qf2 Rae8 22. e4 dxe4 23. Ngxe4 Qd8 24. f6 Re6 25. Qg3 Qxd4+ 26. Kh1 Bh5 27. h3 g5 28. Qc7 Bg6 29. Rd1 Qe5 30. Nd6 Rf8 31. Rfe1 Qxe1+ 32. Rxe1 Rxe1+ 33. Kh2 Nxf6 34. Nxb7 Re6 35. Nc5 Re3 36. Qxc6 Nh5 37. Nd5 Re5 38. Nd7 Re6 39. Qc3 Rd8 40. Qc7 Rde8 41. Qxa5 Re2 42. N5f6+ Nxf6 43. Nxf6+ Kg7 44. Nxe8+ Rxe8 45. Qc3+ Kh7 46. b4 Re2 47. Qf3 Rb2 48. Kg1 Rb1+ 49. Kf2 Rb2+ 50. Ke1 h5 51. g4 h4 52. Qf6 Rb1+ 53. Kd2 Rh1 54. b5 Rh2+ 55. Kc1 Rxh3 56. b6 Rb3 57. Qxg5 Rb1+ 58. Kd2 h3 59. Qh4+ Kg8 60. a4 Rb2+ 61. Kc3 Rc2+ 62. Kb3 h2 63. b7 1-0


[Site "https://www.chess.com"]

[Event "Titled Tuesday Blitz May 18 2021"]
[White "Artemiev, Vladislav"]
[Black "Iniyan, P"]
[WhiteFideId "24101605"]
[BlackFideId "25002767"]
[WhiteElo "2783"]
[BlackElo "2400"]
[Result "1/2-1/2"]
[Round "04"]
[TimeControl "180+1"]
[Date "2021.05.18"]
[WhiteClock "0:00:03"]
[BlackClock "0:00:09"]

1. Nf3 Nf6 2. b3 e6 3. Bb2 b6 4. g3 Bb7 5. Bg2 Be7 6. O-O O-O 7. c4 c5 8. Nc3 d6 9. e3 Nbd7 10. Qe2 a6 11. d4 Qc7 12. Rfd1 Rfe8 13. a4 Ne4 14. Rac1 Nxc3 15. Bxc3 Nf6 16. Nd2 Bxg2 17. Kxg2 Qb7+ 18. Qf3 Qxf3+ 19. Kxf3 cxd4 20. Bxd4 Rab8 21. Bxf6 gxf6 22. g4 b5 23. cxb5 axb5 24. a5 Ra8 25. Ra1 Ra6 26. e4 Rea8 27. b4 d5 28. exd5 Bxb4 29. Ne4 Kg7 30. dxe6 Rxe6 31. Rab1 Bxa5 32. Rxb5 Bb6 33. Ng3 Ra2 34. Rf1 Ba7 35. Rd5 Rb6 36. Nf5+ Kg6 37. Nh4+ Kg7 38. Nf5+ Kg6 39. Rd8 Rb8 40. Rxb8 Bxb8 41. h3 h5 42. Ne7+ Kh6 43. Rd1 Ba7 44. Rf1 hxg4+ 45. hxg4 Kg5 46. Nd5 Ra3+ 47. Kg2 Kxg4 48. Nxf6+ Kf5 49. Nd5 Ra2 50. Kf3 Ra3+ 51. Kg2 Ra2 52. Nc3 Rc2 53. Nb5 Bc5 54. Kf3 Rb2 55. Nc7 Ke5 56. Kg4 Bxf2 57. Kf3 Bc5 58. Re1+ Kd6 59. Ne8+ Kd5 60. Nf6+ Kc6 61. Ne4 Bb6 62. Rc1+ Kd5 63. Nc3+ Ke5 64. Re1+ Kf5 65. Ne4 Rb3+ 66. Kg2 Kg4 67. Nf6+ Kg5 68. Nd5 Bd4 69. Re2 f5 70. Re8 Rb2+ 71. Kg3 Rb3+ 72. Kg2 Kg6 73. Nf4+ Kf7 74. Rc8 Be5 75. Ne2 Kf6 76. Rf8+ Kg5 77. Rg8+ Kf6 78. Rf8+ Ke6 79. Re8+ Kd5 80. Kf2 Ke4 81. Ng1 Rb2+ 82. Kf1 f4 83. Ne2 Rc2 84. Ng1 Rc5 85. Kg2 Ke3 86. Nf3 Rc2+ 87. Kh3 Kxf3 88. Rxe5 Rc1 89. Kh2 Kf2 90. Ra5 Re1 91. Ra2+ Re2 92. Ra1 f3 93. Kh3 Re1 94. Ra2+ Re2 95. Ra1 Re3 96. Kh2 Rd3 97. Kh3 Ke2 98. Kg3 f2+ 99. Kg2 Rd2 100. Rf1 Ke3 101. Ra1 Re2 102. Ra3+ Ke4 103. Kf1 Re3 104. Ra2 Rf3 105. Rxf2 Rxf2+ 106. Kxf2 1/2-1/2


[Site "https://www.chess.com"]

[Event "Titled Tuesday Blitz May 18 2021"]
[White "Chasin, Nico"]
[Black "Corrales Jimenez, Fidel"]
[WhiteFideId "30908477"]
[BlackFideId "3506690"]
[WhiteElo "2135"]
[BlackElo "2555"]
[Result "0-1"]
[Round "04"]
[TimeControl "180+1"]
[Date "2021.05.18"]
[WhiteClock "0:00:14"]
[BlackClock "0:00:45"]

1. d4 Nf6 2. c4 g6 3. Nc3 d5 4. Bf4 Bg7 5. e3 O-O 6. Rc1 Be6 7. Qb3 c5 8. Qxb7 Nbd7 9. cxd5 cxd4 10. dxe6 dxc3 11. exd7 Qa5 12. bxc3 Nd5 13. Ne2 Nxc3 14. Nxc3 Bxc3+ 15. Ke2 e5 16. Bg5 Rab8 17. Qc6 Rb2+ 18. Kf3 e4+ 19. Qxe4 Qxg5 20. Bc4 Be5 21. Rc2 Qh5+ 22. g4 Qh3+ 23. Ke2 Rxc2+ 24. Qxc2 Qxg4+ 25. Kf1 Qh3+ 26. Ke2 Qg4+ 27. Kf1 Qxd7 28. h4 Rb8 29. h5 Rb2 30. Qe4 Bg3 31. Qa8+ Rb8 32. Qf3 Be5 33. hxg6 hxg6 34. Rg1 Kf8 35. Rxg6 Rc8 36. Bb3 Qd3+ 0-1


[Site "https://www.chess.com"]

[Event "Titled Tuesday Blitz May 18 2021"]
[White "Cruz Mendez, Jean Marco"]
[Black "Kamsky, Gata"]
[WhiteFideId "3526402"]
[BlackFideId "2000024"]
[WhiteElo "2064"]
[BlackElo "2644"]
[Result "0-1"]
[Round "04"]
[TimeControl "180+1"]
[Date "2021.05.18"]
[WhiteClock "0:00:06"]
[BlackClock "0:00:06"]

1. d4 d5 2. c4 c6 3. cxd5 cxd5 4. Nc3 e6 5. Bf4 Bd6 6. Bxd6 Qxd6 7. e3 Nc6 8. Qg4 g6 9. Nf3 Bd7 10. a3 Rc8 11. Nb5 Qb8 12. Bd3 a6 13. Nc3 e5 14. Qh4 e4 15. Bxe4 dxe4 16. Nxe4 f5 17. Nf6+ Nxf6 18. Qxf6 Rf8 19. Qg7 Qd6 20. Qxh7 Qf6 21. Qh6 Be6 22. O-O Bd5 23. Qf4 Kf7 24. Rac1 Kg7 25. Rc5 Rcd8 26. Rfc1 Rfe8 27. Ng5 Qd6 28. Nh3 Qxf4 29. Nxf4 Bf7 30. h4 Rd7 31. d5 Ne7 32. Rc7 Red8 33. Ne6+ Bxe6 34. dxe6 Rxc7 35. Rxc7 Kf6 36. Rxb7 Rd2 37. Rb6 a5 38. b4 axb4 39. axb4 Nd5 40. Rd6 Ke7 41. Rd7+ Kxe6 42. Rd8 Rb2 43. Re8+ Kf7 44. Rd8 Nxb4 45. f3 Nc6 46. Rd6 Ne5 47. Rd5 Nc4 48. e4 Ne3 49. Rd7+ Ke6 50. Rd3 Rxg2+ 51. Kh1 Re2 52. exf5+ Kxf5 53. Rd4 Nf1 54. Kg1 Nh2 55. Rg4 Nxf3+ 0-1


[Site "https://www.chess.com"]

[Event "Titled Tuesday Blitz May 18 2021"]
[White "Cunjalo, Faris"]
[Black "Naroditsky, Daniel"]
[WhiteFideId "14410710"]
[BlackFideId "2026961"]
[WhiteElo "2234"]
[BlackElo "2608"]
[Result "1-0"]
[Round "04"]
[TimeControl "180+1"]
[Date "2021.05.18"]
[WhiteClock "0:00:06"]
[BlackClock "0:00:04"]

1. c4 e5 2. g3 Nc6 3. Bg2 Bc5 4. Nc3 a6 5. e3 d6 6. Nge2 Ba7 7. d4 Nge7 8. h3 exd4 9. exd4 Nf5 10. d5 Ne5 11. b3 O-O 12. O-O Qf6 13. Kh2 Re8 14. Rb1 Bd7 15. Ne4 Qe7 16. Bg5 f6 17. Bd2 b5 18. Qc2 Nd4 19. Nxd4 Bxd4 20. Rfe1 f5 21. Bc3 Bxc3 22. Nxc3 Qf6 23. f4 Nf7 24. Qd3 h5 25. cxb5 axb5 26. Rxe8+ Bxe8 27. h4 b4 28. Na4 Bxa4 29. bxa4 Rxa4 30. Qc2 Ra3 31. Rxb4 Nh6 32. Rb3 Ng4+ 33. Kh3 Ra7 34. Bf3 Qd4 35. Qxf5 Ra8 36. Bxg4 hxg4+ 37. Qxg4 Qxd5 38. Qe2 Qh1+ 39. Kg4 Qd5 40. h5 Rf8 41. Qd3 Qe6+ 42. Kh4 Qf6+ 43. Kh3 Qe6+ 44. Kh4 Qe7+ 45. Kh3 Qf7 46. Qg6 Qd7+ 47. Kh4 Qe7+ 48. Kg4 Qe2+ 49. Kh3 Qf1+ 50. Kh4 Qh1+ 51. Kg4 Qd1+ 52. Kh4 Qh1+ 53. Kg4 d5 54. Re3 Qd1+ 55. Kh4 Qh1+ 56. Kg5 d4 57. Re7 Qd5+ 58. f5 Rf7 59. Re8+ Rf8 60. Re7 Rf7 61. Qxf7+ Qxf7 62. Rxf7 Kxf7 63. Kf4 Kf6 64. g4 d3 65. g5+ Ke7 66. Ke3 d2 67. Kxd2 Kd6 1-0


[Site "https://www.chess.com"]

[Event "Titled Tuesday Blitz May 18 2021"]
[White "Deac, Bogdan-Daniel"]
[Black "Gunina, Valentina"]
[WhiteFideId "1226380"]
[BlackFideId "4167570"]
[WhiteElo "2605"]
[BlackElo "2399"]
[Result "1-0"]
[Round "04"]
[TimeControl "180+1"]
[Date "2021.05.18"]
[WhiteClock "0:00:05"]
[BlackClock "0:00:01"]

1. e4 c6 2. Nf3 d5 3. d3 Bg4 4. h3 Bxf3 5. Qxf3 e6 6. g3 Bc5 7. Bg2 Ne7 8. c3 Bb6 9. O-O O-O 10. Qe2 Nd7 11. Nd2 Qc7 12. a4 a5 13. d4 Rae8 14. Nb3 f5 15. Bf4 Qd8 16. e5 Ng6 17. Bd2 f4 18. Kh2 Rf7 19. Bf3 Ref8 20. Bh5 Qg5 21. Bg4 Re8 22. h4 Qe7 23. h5 Ngf8 24. Bxf4 Rxf4 25. gxf4 c5 26. Qf3 Nb8 27. dxc5 Bxc5 28. Nxc5 Qxc5 29. Rae1 Nc6 30. f5 exf5 31. Qxf5 Qc4 32. e6 Re7 33. Bh3 d4 34. Qe4 Qxa4 35. cxd4 Qxd4 36. Qxd4 Nxd4 37. f4 g6 38. hxg6 hxg6 39. f5 gxf5 40. Bxf5 Kg7 41. Bh3 Nfxe6 42. Re4 Kg8 43. Rg4+ Rg7 44. Kg3 1-0


[Site "https://www.chess.com"]

[Event "Titled Tuesday Blitz May 18 2021"]
[White "Fier, Alexandr"]
[Black "Praggnanandhaa R"]
[WhiteFideId "2107139"]
[BlackFideId "25059530"]
[WhiteElo "2569"]
[BlackElo "2555"]
[Result "0-1"]
[Round "04"]
[TimeControl "180+1"]
[Date "2021.05.18"]
[WhiteClock "0:00:05"]
[BlackClock "0:00:21"]

1. d4 Nf6 2. c4 g6 3. Nc3 Bg7 4. e4 d6 5. Be2 O-O 6. Bg5 Na6 7. f4 c6 8. Bf3 Nc7 9. Qd2 Rb8 10. Nge2 b5 11. e5 Nfe8 12. Bxc6 bxc4 13. O-O d5 14. Ba4 f6 15. Bh4 Bf5 16. Ng3 Bd3 17. Rf2 Ne6 18. Nge2 Bh6 19. exf6 Nxf6 20. Bxf6 Rxf6 21. b3 Qd6 22. Raf1 Rbf8 23. g3 g5 24. bxc4 dxc4 25. d5 gxf4 26. dxe6 fxg3 27. Rxf6 Rxf6 28. Qe1 Be3+ 29. Kg2 Rf2+ 30. Rxf2 gxf2 31. Qh1 Qe5 32. Bc6 Qg7+ 33. Kf3 Qf6+ 34. Kxe3 f1=Q 35. Qd5 Q1f2+ 36. Kd2 Q6f4+ 37. Kd1 Qf1# 0-1


[Site "https://www.chess.com"]

[Event "Titled Tuesday Blitz May 18 2021"]
[White "Grandelius, Nils"]
[Black "Morefield, Jason"]
[WhiteFideId "1710400"]
[BlackFideId "30920825"]
[WhiteElo "2651"]
[BlackElo "2171"]
[Result "1/2-1/2"]
[Round "04"]
[TimeControl "180+1"]
[Date "2021.05.18"]
[WhiteClock "0:00:26"]
[BlackClock "0:00:52"]

1. Nf3 Nf6 2. g3 d5 3. Bg2 c6 4. O-O Bf5 5. c4 e6 6. cxd5 exd5 7. d3 Be7 8. Qb3 Qb6 9. Be3 Qxb3 10. axb3 a6 11. Bd2 O-O 12. b4 Nbd7 13. Bc3 Rfe8 14. Nbd2 Bf8 15. Rfe1 h6 16. Nb3 Rac8 17. Na5 Rc7 18. Bd2 Bd6 19. Nd4 Bg6 20. Rec1 Nf8 21. Nab3 Ne6 22. Bc3 Nxd4 23. Nxd4 Nd7 24. Kf1 Nf8 25. Bh3 Ne6 26. Nf5 Bf8 27. Nh4 Bh7 28. Nf3 Ng5 29. Bg2 Nxf3 30. Bxf3 Bf5 31. h4 g6 32. Bd2 Bg7 33. Bc3 Rce7 34. Bxg7 Kxg7 35. Ra3 h5 36. e3 Bd7 37. d4 Bf5 38. Rac3 Kf6 39. Kg2 Kg7 40. Re1 Kf6 41. Rg1 Kg7 42. Ra1 Kf6 43. Rac1 Kg7 44. Ra1 Kf6 45. Rac1 1/2-1/2


[Site "https://www.chess.com"]

[Event "Titled Tuesday Blitz May 18 2021"]
[White "Jobava, Baadur"]
[Black "Gabrielian, Artur"]
[WhiteFideId "13601520"]
[BlackFideId "4131002"]
[WhiteElo "2748"]
[BlackElo "2539"]
[Result "1-0"]
[Round "04"]
[TimeControl "180+1"]
[Date "2021.05.18"]
[WhiteClock "0:00:23"]
[BlackClock "0:00:06"]

1. d4 Nf6 2. c4 c5 3. d5 e6 4. Nc3 exd5 5. cxd5 d6 6. e4 g6 7. Nf3 Bg7 8. Be2 O-O 9. O-O Re8 10. Nd2 Nbd7 11. Re1 Ne5 12. a4 Nfg4 13. Nf1 f5 14. Ra3 Qh4 15. g3 Qh3 16. Nb5 fxe4 17. Nxd6 Nxf2 18. Kxf2 Ng4+ 19. Kg1 Bd4+ 20. Be3 Rf8 21. Bxg4 Bxg4 22. Qd2 Bf3 23. Nb5 Be5 24. Bxc5 Rf5 25. d6 Rd8 26. Rae3 a6 27. Nc3 Bxd6 28. b4 Bc7 29. Qa2+ Kg7 30. Nxe4 Kh6 31. Rxf3 Rxf3 32. Be3+ Rxe3 33. Nxe3 Bb6 34. Nf2 Qd7 35. a5 Ba7 36. Qc4 Qd2 37. Qf4+ Kg7 38. Kf1 Rf8 39. Nf5+ 1-0


[Site "https://www.chess.com"]

[Event "Titled Tuesday Blitz May 18 2021"]
[White "Khanin, Semen"]
[Black "Kretov, Evgenij"]
[WhiteFideId "4111990"]
[BlackFideId "4167821"]
[WhiteElo "2521"]
[BlackElo "2381"]
[Result "1-0"]
[Round "04"]
[TimeControl "180+1"]
[Date "2021.05.18"]
[WhiteClock "0:00:14"]
[BlackClock "0:00:11"]

1. e4 c5 2. Nf3 Nc6 3. Bb5 g6 4. O-O Bg7 5. c3 a6 6. Bxc6 bxc6 7. d4 cxd4 8. cxd4 Nf6 9. Nc3 O-O 10. e5 Nd5 11. Nxd5 cxd5 12. Bf4 a5 13. Qd2 Ba6 14. Rfe1 Qb6 15. Bh6 Rab8 16. Qg5 Rfe8 17. b3 Bd3 18. Qh4 Bh8 19. Rad1 Bf5 20. Re3 f6 21. Bf4 Rbc8 22. Rde1 Be4 23. Nd2 Qxd4 24. Nxe4 dxe4 25. Rxe4 Qd5 26. Qg3 f5 27. R4e2 Rc6 28. h4 Rec8 29. Rd2 Qe6 30. Red1 Rc1 31. Kh2 Rxd1 32. Rxd1 Rc5 33. Qe3 Rd5 34. Rc1 Bxe5 35. Rc8+ Kf7 36. g3 Bxf4 37. Qxf4 Qf6 38. Qb8 Kg7 39. Rg8+ Kh6 40. Qf4+ Kh5 41. Qf3+ Kh6 42. Qxd5 Qb2 43. Qf3 e5 44. Qe3+ f4 45. gxf4 Kh5 46. fxe5 1-0


[Site "https://www.chess.com"]

[Event "Titled Tuesday Blitz May 18 2021"]
[White "Kovalev, Vladislav"]
[Black "Nitin, S."]
[WhiteFideId "13504398"]
[BlackFideId "5018277"]
[WhiteElo "2573"]
[BlackElo "2431"]
[Result "1-0"]
[Round "04"]
[TimeControl "180+1"]
[Date "2021.05.18"]
[WhiteClock "0:00:03"]
[BlackClock "0:00:02"]

1. e4 c5 2. Be2 d6 3. d3 g6 4. f4 Bg7 5. Nf3 e6 6. O-O Ne7 7. c3 O-O 8. d4 cxd4 9. cxd4 Nbc6 10. Nc3 Qb6 11. Kh1 a6 12. Na4 Qa7 13. Be3 b5 14. Nc3 e5 15. Bg1 Nxd4 16. Nxd4 exd4 17. Rc1 Bb7 18. Bf3 Rac8 19. Ne2 Rxc1 20. Qxc1 Qa8 21. Qc7 Re8 22. Ng3 h5 23. Qxd6 h4 24. Ne2 Bxe4 25. Nxd4 Bxf3 26. Nxf3 Nf5 27. Qd7 h3 28. gxh3 Nh4 29. Qg4 Nxf3 30. Qxf3 Qxf3+ 31. Rxf3 Re2 32. Ra3 Rxb2 33. Rxa6 Rb4 34. Ra5 Rxf4 35. Rxb5 Ra4 36. Rb8+ Kh7 37. Rb7 Kg8 38. Rb8+ Kh7 39. Rb7 Rxa2 40. Rxf7 Kg8 41. Rf3 Kh7 42. Bf2 Rc2 43. Kg1 Kg8 44. h4 Kh7 45. Rf7 Kg8 46. Rd7 Bf6 47. Rd6 Kf7 48. Rd5 Ke6 49. Rb5 Rc4 50. h5 gxh5 51. Rxh5 Kf7 52. Kg2 Kg6 53. Rd5 Rc2 54. Kf3 Ra2 55. h4 Ra3+ 56. Kg2 Ra4 57. h5+ Kf7 58. Kf3 Rc4 59. Be3 Rh4 60. Kg3 Re4 61. Bf4 Rd4 62. Rb5 Rc4 63. Kg4 Rc2 64. Kf5 Be7 65. Be5 Rf2+ 66. Kg4 Rg2+ 67. Kf3 Rc2 68. Bf4 Rc5 69. Rb7 Ke8 70. h6 Bf6 71. Kg4 Rc2 72. Kf5 Bd4 73. h7 1-0


[Site "https://www.chess.com"]

[Event "Titled Tuesday Blitz May 18 2021"]
[White "Maghsoodloo, Parham"]
[Black "Firat, Burak"]
[WhiteFideId "12539929"]
[BlackFideId "6305881"]
[WhiteElo "2601"]
[BlackElo "2531"]
[Result "1-0"]
[Round "04"]
[TimeControl "180+1"]
[Date "2021.05.18"]
[WhiteClock "0:00:09"]
[BlackClock "0:00:08"]

1. d4 d5 2. c4 c6 3. Nf3 Nf6 4. e3 Bf5 5. Nc3 e6 6. Nh4 Be4 7. f3 Bg6 8. g3 Be7 9. Bd2 Qd7 10. Qb3 O-O 11. Nxg6 hxg6 12. Bh3 dxc4 13. Qxc4 c5 14. dxc5 Qc6 15. Qe2 Nbd7 16. Rc1 Nxc5 17. b4 Ncd7 18. a3 a5 19. Nb5 Qa6 20. Nc7 Qxe2+ 21. Kxe2 Rac8 22. Rc2 axb4 23. axb4 Nd5 24. Nxd5 Rxc2 25. Nxe7+ Kh7 26. Nd5 Ne5 27. Nc3 Rd8 28. Nb1 Nc4 29. Rd1 Nb2 30. Re1 Nc4 31. Rd1 b5 32. Bf1 Nb2 33. Re1 Nc4 34. Rd1 f5 35. Ke1 Nb2 36. Na3 Nxd1 37. Nxc2 Nb2 38. Bxb5 Rb8 39. Be2 Na4 40. b5 e5 41. f4 exf4 42. gxf4 g5 43. fxg5 Kg6 44. h4 Nc5 45. Nd4 Ne4 46. Ne6 Kf7 47. Nf4 g6 48. Bd3 Nd6 49. h5 gxh5 50. g6+ Kf6 51. Bc3+ Kg5 52. g7 Nxb5 53. Bxb5 Rc8 54. Bc4 Kh4 55. g8=Q Rxg8 56. Bxg8 Kg3 57. Be5 Kf3 58. Kd2 Ke4 59. Nxh5 1-0


[Site "https://www.chess.com"]

[Event "Titled Tuesday Blitz May 18 2021"]
[White "Matsenko, Andrei"]
[Black "Lazavik, Denis"]
[WhiteFideId "24146501"]
[BlackFideId "13515110"]
[WhiteElo "2228"]
[BlackElo "2436"]
[Result "1/2-1/2"]
[Round "04"]
[TimeControl "180+1"]
[Date "2021.05.18"]
[WhiteClock "0:00:19"]
[BlackClock "0:00:04"]

1. e4 e5 2. Nf3 Nc6 3. Bc4 Bc5 4. c3 Nf6 5. d4 exd4 6. e5 d5 7. Bb5 Ne4 8. cxd4 Bb6 9. h3 O-O 10. O-O f6 11. Bxc6 bxc6 12. Nc3 Ba6 13. Re1 Nxf2 14. Kxf2 fxe5 15. Rxe5 Qh4+ 16. g3 Qxd4+ 17. Qxd4 Bxd4+ 18. Re3 Rf7 19. Ne2 Bxe3+ 20. Bxe3 h6 21. Nd4 Raf8 22. Rc1 Bd3 23. h4 Be4 24. Bf4 a5 25. Rxc6 Rb8 26. b3 a4 27. Rxc7 Rf6 28. Rxg7+ Kxg7 29. Bxb8 axb3 30. axb3 Ra6 31. Be5+ Kg6 32. g4 Ra2+ 33. Kg3 Ra1 34. h5+ Kf7 35. Bf4 Kg7 36. Nf5+ Kh7 37. Ne5 Rg1+ 38. Kf2 Rg2+ 39. Ke3 Rb2 40. Nd4 Rb1 41. Nef3 Rh1 42. Nd2 Rh3+ 43. Ke2 Bd3+ 44. Kf2 Rh1 45. Ke3 Ba6 46. Nf5 Re1+ 47. Kd4 Re2 48. b4 Bc8 49. b5 Rf2 50. Ke3 Rg2 51. b6 Rxg4 52. Nd6 Ba6 53. Nb3 Rh4 54. Nc5 d4+ 55. Ke4 d3 56. Nxd3 Bxd3+ 57. Kxd3 Rxf4 58. Kc3 Rf8 59. b7 Rb8 60. Kc4 Kg7 61. Kc5 Kf6 62. Kc6 Kg5 63. Nf7+ Kxh5 64. Nxh6 Kxh6 65. Kc7 Rxb7+ 66. Kxb7 1/2-1/2


[Site "https://www.chess.com"]

[Event "Titled Tuesday Blitz May 18 2021"]
[White "Moskalenko, Alexander"]
[Black "Chigaev, Maksim"]
[WhiteFideId "4155351"]
[BlackFideId "4108116"]
[WhiteElo "2495"]
[BlackElo "2646"]
[Result "1-0"]
[Round "04"]
[TimeControl "180+1"]
[Date "2021.05.18"]
[WhiteClock "0:00:04"]
[BlackClock "0:00:03"]

1. Nf3 Nf6 2. c4 g6 3. Nc3 Bg7 4. e4 e5 5. d4 exd4 6. Nxd4 O-O 7. Be2 Re8 8. f3 c6 9. Nc2 Na6 10. O-O Nc7 11. Qd6 Bf8 12. Qd3 d5 13. cxd5 cxd5 14. Bg5 Ne6 15. Bxf6 Qxf6 16. Nxd5 Qxb2 17. Rab1 Qg7 18. Kh1 Bd7 19. Nc7 Nxc7 20. Qxd7 Ne6 21. Qxb7 Bd6 22. Ne3 h5 23. Nd5 Rab8 24. Qc6 Rbd8 25. Bb5 h4 26. Qa6 Rf8 27. f4 h3 28. g3 Nc5 29. Qxa7 Nxe4 30. Qe3 Nf6 31. Nxf6+ Qxf6 32. Rbd1 Qb2 33. Qe2 Qa3 34. Bc4 Kg7 35. Rd3 Qc5 36. Bb3 Be7 37. Re3 Bf6 38. g4 Qc6+ 39. Qf3 Qb5 40. g5 Bd4 41. Re4 Rfe8 42. Rxe8 Rxe8 43. Qxh3 Re2 44. Qh6+ Kg8 45. Qxg6+ Kh8 46. Qh6+ Kg8 47. Qg6+ Kh8 48. Qd6 Re6 49. Qxd4+ 1-0


[Site "https://www.chess.com"]

[Event "Titled Tuesday Blitz May 18 2021"]
[White "Murzin, Volodar"]
[Black "Sanal, Vahap"]
[WhiteFideId "44155573"]
[BlackFideId "6300545"]
[WhiteElo "2541"]
[BlackElo "2507"]
[Result "0-1"]
[Round "04"]
[TimeControl "180+1"]
[Date "2021.05.18"]
[WhiteClock "0:00:04"]
[BlackClock "0:00:13"]

1. e4 e5 2. Nf3 Nc6 3. Bb5 Nf6 4. O-O Nxe4 5. Re1 Nd6 6. Nxe5 Be7 7. Bf1 Nxe5 8. Rxe5 O-O 9. d4 Ne8 10. Nd2 Bf6 11. Re4 d5 12. Rf4 Bg5 13. Nb3 Bxf4 14. Bxf4 Nd6 15. Bd3 Qh4 16. Qf3 Re8 17. Bg3 Qg5 18. h4 Qg4 19. Qxd5 Be6 20. Qc5 Ne4 21. Qxc7 Bxb3 22. axb3 Nxg3 23. Qxg3 Qxd4 24. Qf3 Qxh4 25. Qxb7 Qd4 26. g3 a5 27. Kg2 Qxb2 28. Rh1 g6 29. Rh4 Qe5 30. Re4 Qd6 31. Bc4 Kh8 32. Bxf7 Rf8 33. Re2 Rab8 34. Qd5 Qxd5+ 35. Bxd5 Rbd8 36. Bc4 Rd6 37. Bd3 Rdf6 38. f3 Ra8 39. f4 a4 40. bxa4 Rxa4 41. Kf3 Ra7 42. Re5 Kg7 43. g4 Rc7 44. g5 Rd6 45. f5 gxf5 46. Rxf5 Rf7 47. Rxf7+ Kxf7 48. Bxh7 Rd1 49. Bd3 Rg1 50. Kf4 Ke6 51. Bc4+ Ke7 52. Kf5 Rg2 53. Bd3 Kf7 54. Bc4+ Kg7 55. Bd3 Rg1 56. Kf4 Rg2 57. Kf5 Rf2+ 58. Kg4 Kf7 59. Kh5 Rg2 60. Kh4 Rg1 61. Kh5 Ke6 62. Kh6 Ke5 63. g6 Kf6 64. Kh5 Rg5+ 65. Kh4 Rg1 66. Kh3 Ke5 67. Kh4 Kf4 68. Kh3 Rg5 69. Kh4 Rg3 0-1


[Site "https://www.chess.com"]

[Event "Titled Tuesday Blitz May 18 2021"]
[White "Nakamura, Hikaru"]
[Black "Timmermans, Mark"]
[WhiteFideId "2016192"]
[BlackFideId "1026399"]
[WhiteElo "2900"]
[BlackElo "2460"]
[Result "1-0"]
[Round "04"]
[TimeControl "180+1"]
[Date "2021.05.18"]
[WhiteClock "0:00:30"]
[BlackClock "0:00:13"]

1. Nf3 Nf6 2. b3 e6 3. Bb2 d5 4. e3 Be7 5. d4 O-O 6. c4 b6 7. cxd5 Nxd5 8. Bd3 Bb7 9. O-O Nd7 10. Qe2 c5 11. Rd1 Qc7 12. Na3 Rac8 13. Rac1 Qb8 14. Nc4 Rfd8 15. Nce5 Nxe5 16. Nxe5 cxd4 17. Bxh7+ Kxh7 18. Qh5+ Kg8 19. Qxf7+ Kh7 20. Qh5+ Kg8 21. Qf7+ Kh7 22. Bxd4 Bf6 23. Qxe6 Re8 24. Qf5+ Kg8 25. Nd7 Rxc1 26. Rxc1 Qd6 27. Nxf6+ Nxf6 28. f3 Qd7 29. Qg5 Re6 30. h4 Rc6 31. Rd1 Rd6 32. Rc1 Rc6 33. Rxc6 Qxc6 34. h5 Ne8 35. Be5 Qe6 36. e4 Kf7 37. Qf4+ Kg8 38. Qg5 Kf7 39. Kh2 a5 40. Qf4+ Kg8 41. g4 a4 42. bxa4 Qxa2+ 43. Kg3 Qxa4 44. h6 Qd7 45. hxg7 Nxg7 46. Qf6 b5 47. Qb6 Bc6 48. Qb8+ Kh7 49. Qf8 Bb7 50. Bxg7 Qxg7 51. Qf5+ Kg8 52. Qxb5 Qc7+ 53. e5 Bc6 54. Qc4+ Kf8 55. Qc5+ Kf7 56. Qc4+ Ke7 57. Qf4 Qb7 58. Qf6+ Ke8 59. g5 Qe7 60. Qxc6+ 1-0


[Site "https://www.chess.com"]

[Event "Titled Tuesday Blitz May 18 2021"]
[White "Omariev, Maksim"]
[Black "Goltsev, Dmitry"]
[WhiteFideId "4193423"]
[BlackFideId "24176710"]
[WhiteElo "2493"]
[BlackElo "2366"]
[Result "0-1"]
[Round "04"]
[TimeControl "180+1"]
[Date "2021.05.18"]
[WhiteClock "0:00:09"]
[BlackClock "0:02:04"]

1. g4 d5 2. Bg2 Bxg4 3. c4 Nf6 4. Qb3 e6 5. cxd5 exd5 6. Qxb7 Nbd7 7. Nc3 Nc5 8. Qb5+ c6 9. Qxc6+ Bd7 10. Bxd5 Bxc6 11. Bxc6+ Nfd7 12. Bxa8 Qxa8 13. Nf3 Bd6 14. d4 Ne4 15. Nb5 Bb4+ 16. Bd2 Bxd2+ 17. Nxd2 O-O 18. Rg1 Nxd2 19. Kxd2 Qd5 20. a4 a6 21. Nc3 Qxd4+ 22. Kc2 Nc5 0-1


[Site "https://www.chess.com"]

[Event "Titled Tuesday Blitz May 18 2021"]
[White "Oparin, Grigoriy"]
[Black "Preotu, Razvan"]
[WhiteFideId "24125890"]
[BlackFideId "2613280"]
[WhiteElo "2628"]
[BlackElo "2407"]
[Result "1/2-1/2"]
[Round "04"]
[TimeControl "180+1"]
[Date "2021.05.18"]
[WhiteClock "0:00:07"]
[BlackClock "0:00:05"]

1. e4 c5 2. Nf3 d6 3. Nc3 Nf6 4. d4 cxd4 5. Qxd4 Nc6 6. Qe3 g6 7. h3 Bg7 8. Bc4 O-O 9. O-O Qc7 10. Rd1 Na5 11. Bf1 Nc4 12. Qe2 Nb6 13. Bg5 Be6 14. Rac1 h6 15. Bxf6 Bxf6 16. Nb5 Qc5 17. Nbd4 Bc4 18. Qe3 Bxf1 19. Rxf1 Nc4 20. Qc3 Rfc8 21. b3 Na3 22. Qd3 Qc3 23. Ne2 Qxd3 24. cxd3 Bb2 25. Rxc8+ Rxc8 26. Rd1 a5 27. Kf1 b5 28. d4 a4 29. e5 Nc2 30. bxa4 bxa4 31. exd6 exd6 32. Ne1 Nb4 33. Nd3 Nxd3 34. Rxd3 Rc2 35. Ke1 Kf8 36. Kd1 Rc4 37. Rd2 a3 38. Rc2 Rb4 39. Kd2 Bxd4 40. Nxd4 Rxd4+ 41. Kc3 Ra4 42. Kb3 Ra6 43. Rc4 Ke7 44. Ra4 Rb6+ 45. Kxa3 d5 46. Rb4 Rf6 47. Rb2 Rf4 48. Kb3 Kd6 49. a4 Kc5 50. Ra2 Rb4+ 51. Kc3 d4+ 52. Kd2 Rb6 53. a5 Ra6 54. Kd3 Kd5 55. Ra4 Ke5 56. g3 g5 57. g4 f5 58. gxf5 h5 59. f6 Rxf6 60. a6 Rf3+ 61. Ke2 Rf8 62. a7 Ra8 63. Kd3 h4 64. Ke2 g4 65. hxg4 h3 66. Kf3 d3 67. Ra3 Kd4 68. Kg3 d2 69. Ra1 Kc3 70. Kxh3 Rxa7 71. Rxa7 d1=Q 72. Rc7+ Kb4 73. Rf7 Qf1+ 74. Kg3 Kc5 75. Rf5+ Kd4 76. f3 Qg1+ 77. Kh4 Ke3 78. Kg5 Qg3 79. Kg6 Qd6+ 80. Rf6 Qe7 81. g5 Qe8+ 82. Kg7 Qe7+ 83. Kh6 Kf2 84. f4 Kg3 85. Kg6 Kg4 86. Rf7 Qe6+ 87. Kg7 Kh5 88. Rf6 Qe7+ 89. Kg8 Qd7 90. Kh8 Qe7 91. Kg8 Qe8+ 92. Kg7 Qe7+ 93. Rf7 Qe6 94. Kg8 Kg6 95. f5+ Qxf5 96. Rxf5 Kxf5 97. Kg7 Kxg5 1/2-1/2


[Site "https://www.chess.com"]

[Event "Titled Tuesday Blitz May 18 2021"]
[White "Pantsulaia, Levan"]
[Black "Bernadskiy, Vitaliy"]
[WhiteFideId "13602071"]
[BlackFideId "14100371"]
[WhiteElo "2530"]
[BlackElo "2534"]
[Result "1-0"]
[Round "04"]
[TimeControl "180+1"]
[Date "2021.05.18"]
[WhiteClock "0:00:19"]
[BlackClock "0:00:02"]

1. g3 g6 2. Bg2 Bg7 3. Nf3 e6 4. O-O Ne7 5. c4 O-O 6. d4 b6 7. Nc3 Bb7 8. e4 d6 9. Re1 Nd7 10. h4 c5 11. d5 e5 12. h5 Nf6 13. h6 Bh8 14. Bg5 Ne8 15. Rb1 Bc8 16. a3 f6 17. Be3 f5 18. Bg5 Nf6 19. b4 Nxe4 20. Nxe4 fxe4 21. Nd2 Bf5 22. Nxe4 Bxe4 23. Bxe4 Bf6 24. Bd2 Nf5 25. bxc5 dxc5 26. Bxf5 gxf5 27. Qh5 Qd7 28. Bc3 Rae8 29. Kg2 e4 30. Bd2 Bd4 31. Bf4 Qf7 32. Qxf7+ Kxf7 33. a4 Kg6 34. Re2 Be5 35. Bxe5 Rxe5 36. a5 bxa5 37. Rb5 f4 38. gxf4 Rxf4 39. Rxc5 Rg5+ 40. Kf1 Rh4 41. Ke1 a4 42. Rc6+ Kh5 43. d6 a3 44. d7 Rh1+ 45. Kd2 Rgg1 46. Ke3 Rd1 47. Rc5+ Kxh6 48. Rd5 Rxd5 49. cxd5 Rh3+ 50. Kxe4 Rh4+ 51. Ke5 1-0


[Site "https://www.chess.com"]